 Dungeon Crawl Stone Soup version 0.15-b1-129-g6fffc38 (webtiles) character file.

112 JacquesDerrida the Practitioner (level 4, 36/36 HPs)
             Began as a Centaur Healer on Aug 27, 2014.
             Was a Believer of Elyvilon.
             Quit the game on Level 3 of the Dungeon.
             The game lasted 00:10:24 (1718 turns).

JacquesDerrida the Practitioner (Centaur Healer)    Turns: 1718, Time: 00:10:24

HP  36/36        AC  7     Str 14      XL: 4   Next: 63%
MP   7/7         EV  7     Int 12      God: Elyvilon [**....]
Gold 85          SH  0     Dex  9      Spells:  0 memorised,  3 levels left

rFire  . . .     SeeInvis .     t - +2 dagger (speed)
rCold  + . .     Clarity  .     x - +1 ring mail {rC+}
rNeg   . . .     rCorr    .     (no shield)
rPois  .         rRot     .     (no helmet)
rElec  .         Spirit   .     (no cloak)
SustAb .         Warding  .     s - +0 pair of gloves
rMut   .         Stasis   .     (no barding)
Gourm  .                        (no amulet)
MR     .....                    (no ring)
                                (no ring)

@: very quick, not resistant to hostile enchantments, extremely unstealthy
A: hooves 3, deformed body, speed 2, tough skin 3
a: Lesser Healing, Lesser Self-Healing, Divine Protection, Purification,
Renounce Religion


You were on level 3 of the Dungeon.
You worshipped Elyvilon.
Elyvilon was pleased with you.
You were not hungry.

You visited 1 branch of the dungeon, and saw 3 of its levels.

You collected 85 gold pieces.

Inventory:

Hand weapons
 f - a +0 halberd
 t - a +2 dagger of speed (weapon)
 u - a +0 long sword
 v - a +0 trident of protection
Armour
 a - a +1 robe
 g - a +1 pair of boots
 s - a +0 pair of gloves (worn)
 x - a +1 ring mail of cold resistance (worn)
Comestibles
 d - 4 bread rations
Scrolls
 e - 2 scrolls of remove curse {unknown}
 i - a scroll of enchant weapon {unknown}
 j - a scroll of enchant armour {unknown}
 m - 3 scrolls of teleportation {unknown}
 n - a scroll of noise {unknown}
 o - 2 scrolls of identify {unknown}
 p - a scroll of immolation {unknown}
 w - a scroll of amnesia {unknown}
Potions
 b - 3 potions of curing
 c - a potion of heal wounds
 h - a potion of agility {unknown}
 k - a potion of mutation {unknown}
 l - a potion of resistance {unknown}
 q - 2 potions of haste {unknown}
 r - a potion of flight {unknown}


   Skills:
 - Level 2.1 Fighting
 + Level 1.3 Polearms
 - Level 1.3 Dodging
 + Level 4.9 Invocations


You had 3 spell levels left.
You didn't know any spells.

Dungeon Overview and Level Annotations

Branches:
Dungeon (3/15)

Altars:
Kikubaaqudgha

Annotations:
D:3 Mortal's ghost, average MiFi


Innate Abilities, Weirdness & Mutations

You have hooves in place of feet.
Armour fits poorly on your strangely shaped body.
You cover ground very quickly.
You have extremely tough skin (AC +3).


Message History

The bat is severely wounded.
The bat misses you. The bat barely misses you.
You hit the bat.
You kill the bat!
Wear which item? (? for menu, Esc to quit)
You start putting on your armour.
You continue putting on your runed ring mail. x4
You finish putting on your +1 ring mail of cold resistance.
You feel resistant to cold.
Unknown command.
Found a hand axe.
You see here a bat corpse.
You see here a hand axe.
You offer a prayer to Elyvilon.
The hand axe barely shimmers and breaks into pieces.
Elyvilon is pleased with you.
Found a bread ration.
d - 4 bread rations (gained 1) Unknown command.
Are you sure you want to abandon this character and quit the game? (Confirm with "yes".)

#.#<..##....#
#...
#.###########
#... #.#
#.....# #...
#.# #.###.#
#... #.# #.#
#.# #.#.
####%###.#
#.# #.#>
.........#
#.# #.##
......####
#.##### #.##
......#
#....@# #..o
#######
#####.#
######..# #.#
#.......# #.#
#.#####o# #..
#.....# ###
#......
#.#....o#
#........
#########


There were no monsters in sight!

Vanquished Creatures
  An orc priest (D:3)
  2 oozes
  5 orcs (D:3)
  6 bats
  A giant cockroach (D:2)
  2 goblins (D:1)
  9 hobgoblins
  4 kobolds
  A ball python (D:2)
  5 giant newts
  3 rats
39 creatures vanquished.

Vanquished Creatures (others)
  A jackal (D:1)
1 creature vanquished.

Grand Total: 40 creatures vanquished

Notes
Turn   | Place    | Note
--------------------------------------------------------------
     0 | D:1      | JacquesDerrida, the Centaur Healer, began the quest for the Orb.
     0 | D:1      | Reached XP level 1. HP: 16/16 MP: 2/2
   140 | D:1      | NIGGA C'MON
   223 | D:1      | Reached XP level 2. HP: 10/23 MP: 0/4
   616 | D:2      | Reached skill level 4 in Invocations
   672 | D:2      | Reached XP level 3. HP: 16/29 MP: 1/5
  1373 | D:3      | Reached skill level 1 in Polearms
  1373 | D:3      | Reached XP level 4. HP: 27/36 MP: 3/6
  1549 | D:3      | Found an ancient bone altar of Kikubaaqudgha.
  1603 | D:3      | Noticed Mortal's ghost (average MiFi)
  1718 | D:3      | Quit the game

Action                   |  1- 3 |  4- 6 || total
-------------------------+-------+-------++-------
Melee: Unarmed           |   141 |       ||   141
       Dagger            |    23 |    25 ||    48
       Club              |    10 |       ||    10
Invok: Lesser Healing    |    44 |     2 ||    46
  Eat: Chunk             |     5 |       ||     5
       Meat ration       |     1 |       ||     1
